 Dungeon Crawl Stone Soup version 0.24.0-123-gd5b16e6ec5 (webtiles) character file.

Game seed: 12293951158520935260, levelgen mode: deterministic

263 FishyPogo the Cutter (level 5, -1/31 HPs)
             Began as a Deep Elf Venom Mage on Feb 8, 2020.
             Slain by a hound (4 damage)
             ... on level 4 of the Dungeon.
             The game lasted 00:08:33 (2548 turns).

FishyPogo the Cutter (Deep Elf Venom Mage)          Turns: 2548, Time: 00:08:34

Health: -1/31      AC:  4    Str:  5    XL:     5   Next: 98%
Magic:  0/11       EV: 13    Int: 21    God:
Gold:   111        SH:  0    Dex: 15    Spells: 4/10 levels left

rFire    . . .     SeeInvis .   t - +0 dagger (vamp)
rCold    . . .     Gourm    .   (no shield)
rNeg     . . .     Faith    .   a - +0 robe
rPois    .         Spirit   .   m - +0 helmet
rElec    .         Reflect  .   (no cloak)
rCorr    .         Harm     .   j - +0 pair of gloves
MR       .....                  (no boots)
Stlth    ++........             (no amulet)
HPRegen  0.10/turn              (no ring)
MPRegen  0.12/turn              (no ring)

@: no status effects
A: no striking features
a: no special abilities


You were on level 4 of the Dungeon.
You were very hungry.

You visited 1 branch of the dungeon, and saw 4 of its levels.

You collected 111 gold pieces.

Inventory:

Hand Weapons
 b - a +3 short sword of speed
 r - a +0 spear of venom
 t - a +0 vampiric dagger (weapon)
Missiles
 e - 122 stones
 h - 31 poisoned darts (quivered)
 n - 3 boomerangs
 s - a throwing net
Armour
 a - a +0 robe (worn)
 d - a +0 hat
 j - a +0 pair of gloves (worn)
 m - a +0 helmet (worn)
Scrolls
 f - a scroll of amnesia {unknown}
 g - 5 scrolls of teleportation {unknown}
 i - a scroll of enchant armour {unknown}
 k - 5 scrolls of identify {unknown}
 p - a scroll of enchant weapon {unknown}
 q - a scroll of noise {unknown}
Potions
 l - a potion of ambrosia {unknown}
 o - a potion of brilliance {unknown}
Comestibles
 c - 5 rations


   Skills:
 + Level 2.4 Fighting
 * Level 4.3 Short Blades
 - Level 3.0 Dodging
 - Level 3.0 Stealth
 - Level 3.0 Spellcasting
 - Level 1.1 Conjurations
 - Level 3.2 Poison Magic


You had 4 spell levels left.
You knew the following spells:

 Your Spells              Type           Power        Failure   Level  Hunger
a - Sting                 Conj/Pois      ##..         5%          1    None
b - Poisonous Vapours     Pois/Air       ##....       11%         2    ##.....
c - Mephitic Cloud        Conj/Pois/Air  #.......     22%         3    ###....

Your spell library contained the following spells:

 Spells                   Type           Power        Failure   Level  Hunger
 Olgreb's Toxic Radiance  Pois           ###.....     34%         4    ####...
 Venom Bolt               Conj/Pois      ##........   83%         5    ######.


Dungeon Overview and Level Annotations

Branches:
Dungeon (4/15)
 Temple: D:4-7

Altars:
Kikubaaqudgha
Nemelex Xobeh


Message History

You hit the hound but do no damage.
The hound is moderately wounded.
The hound bites you but does no damage.
You hit the hound but do no damage.
The hound is moderately wounded.
The hound bites you.
* * * LOW HITPOINT WARNING * * *
You hit the hound.
You feel better.
The hound is heavily wounded.
The hound bites you.
* * * LOW HITPOINT WARNING * * *
Casting: Sting (safe; 5% risk of failure)
Confirm with . or Enter, or press ? or * to list all spells.
Aiming: Sting (safe; 5% risk of failure)
Press: ? - help, Shift-Dir - straight line, f/p - hound
Aim: a hound (heavily wounded)
The sting hits the hound.
The hound is poisoned.
The hound is heavily wounded.
The hound bites you.
You die...

.... ..#.##.#
....##...... . .
........... .. .O
........ ... ...
.....##.... ....
#......... .....
#.<.......
......#####........
.....Oohhh@....)...
...#.O##h##.[#.#...
#. #.##..#.# .# ..
#........ # ##
#######... ####


You could see 2 ogres, a hound, an orc and 3 jackals.

Vanquished Creatures
  3 orc wizards
  An iguana (D:4)
  4 gnolls (D:3)
  3 adders
  An ooze (D:3)
  An adder skeleton (D:3)
  A worm (D:2)
  3 dart slugs
  3 leopard geckos
  9 orcs
  2 ball pythons (D:3)
  4 giant cockroaches
  5 goblins
  6 hobgoblins
  A jackal (D:4)
  8 kobolds
  9 bats
  3 frilled lizards
  2 rats
69 creatures vanquished.

Notes
Turn   | Place    | Note
-------+----------+-------------------------------------------
     0 | D:1      | FishyPogo the Deep Elf Venom Mage began the quest for the
                  | Orb.
     0 | D:1      | Reached XP level 1. HP: 10/10 MP: 6/6
   148 | D:1      | Reached XP level 2. HP: 16/16 MP: 5/8
   152 | D:1      | Learned a level 2 spell: Poisonous Vapours
   248 | D:1      | Reached skill level 1 in Short Blades
   473 | D:1      | Reached XP level 3. HP: 20/20 MP: 5/9
   591 | D:2      | Reached skill level 1 in Fighting
   991 | D:2      | Reached skill level 2 in Short Blades
  1024 | D:2      | You fall into a shaft and drop 1 floor!
  1221 | D:2      | Found a sparkling altar of Nemelex Xobeh.
  1332 | D:3      | Reached XP level 4. HP: 23/25 MP: 6/10
  1365 | D:3      | Found an ancient bone altar of Kikubaaqudgha.
  1754 | D:3      | Reached skill level 3 in Short Blades
  1916 | D:3      | Reached XP level 5. HP: 30/30 MP: 5/11
  2498 | D:4      | Learned a level 3 spell: Mephitic Cloud
  2511 | D:4      | Reached skill level 4 in Short Blades
  2523 | D:4      | Noticed an ogre
  2526 | D:4      | Noticed an ogre
  2548 | D:4      | Slain by a hound

Levels and vault maps discovered:
D:1:      wander_arrival_peaceful_grave, layout_loops_ring
D:2:      layout_loops_ring, nemelex_xobeh_ov_fountains_minmay, first_ration
D:3:      layout_loops_cross, lemuel_doored_altar, minmay_cupped
D:4:      layout_basic

Skill      XL: |  1  2  3  4  5 |
---------------+----------------+-----
Short Blades   | 1 2 3 4 |  4.3
Stealth        | 3 |  3.0
Fighting       | 1 2 |  2.4
Dodging        | 3 |  3.0
Spellcasting   | |  3.0
Conjurations   | |  1.1
Poison Magic   | |  3.2

Action                   |  1- 3 |  4- 6 || total
-------------------------+-------+-------++-------
Melee: Dagger            |    30 |    31 ||    61
       Short sword       |       |    31 ||    31
Throw: Stone             |     1 |       ||     1
       Dart              |       |     3 ||     3
 Cast: Sting             |    49 |    59 ||   108
       Poisonous Vapours |    10 |    13 ||    23
       Mephitic Cloud    |       |     1 ||     1
  Eat: Chunk             |     2 |     3 ||     5
Armor: Robe              |     5 |    18 ||    23
Dodge: Dodged            |    22 |    39 ||    61
